 Dungeon Crawl Stone Soup version 0.20-a0-823-gdec668e (webtiles) character file.

670 Amciq the Sneak (level 7, -4/49 HPs)
             Began as an Octopode Monk on Mar 5, 2017.
             Killed from afar by an orc wizard (6 damage)
             ... with a magic dart
             ... on level 4 of the Dungeon.
             The game lasted 00:14:29 (3330 turns).

Amciq the Sneak (Octopode Monk)                     Turns: 3330, Time: 00:14:29

Health: -4/49      AC:  5    Str: 10 (11) XL:     7   Next: 58%
Magic:  7/7        EV: 16    Int: 11 (12) God:
Gold:   224        SH:  0    Dex: 14      Spells: 6/6 levels left

rFire    . . .     SeeInvis .     - Unarmed
rCold    . . .     Gourm    .   (no shield)
rNeg     . . .     Faith    .   (helmet restricted)
rPois    .         Spirit   .   (no amulet)
rElec    .         Reflect  .   (no ring)
rCorr    .         Harm     .   (no ring)
MR       .....                  (no ring)
Stlth    ++++......             (no ring)
Regen    0.2/turn               (no ring)
MPRegen  0.1/turn               (no ring)
                                (no ring)
                                (no ring)

@: no status effects
A: almost no armour, stealthy swim, amphibious, 8 rings, constrict 8, icy blue
scales 1, molten scales 1, camouflage 1, deterioration 1, weak 1, gelatinous
body 1
a: no special abilities


You were on level 4 of the Dungeon.
You were not hungry.

You visited 1 branch of the dungeon, and saw 4 of its levels.

You collected 224 gold pieces.

Inventory:

Hand Weapons
 l - a +0 mace
Missiles
 b - a throwing net (quivered)
Wands
 r - a wand of flame (30/48)
Scrolls
 c - 2 scrolls of identify
 d - a scroll of remove curse
 f - a scroll of magic mapping
 m - a scroll of immolation {unknown}
 p - a scroll of teleportation {unknown}
Potions
 e - a potion of brilliance
 i - 3 potions of heal wounds
 k - 2 potions of curing
 n - a potion of invisibility {unknown}
 o - a potion of resistance {unknown}
Comestibles
 a - 5 bread rations
 g - a royal jelly
 h - 3 fruits
 j - a meat ration


   Skills:
 + Level 4.8 Fighting
 + Level 5.1 Dodging
 + Level 6.1 Stealth
 + Level 5.1 Unarmed Combat


You had 6 spell levels left.
You didn't know any spells.

Dungeon Overview and Level Annotations

Branches:
Dungeon (4/15)
 Temple: D:4-7

Altars:
Gozag
Wu Jian

Shops:
D:4 [


Innate Abilities, Weirdness & Mutations

You cannot wear most types of armour.
You are very stealthy in the water. (Stealth+)
You are amphibious.
You can wear up to eight rings at the same time.
You can use your tentacles to constrict eight enemies at once.
Your skin changes colour to match your surroundings (Stealth+).
Your rubbery body absorbs attacks. (AC +1, EV +1)
You are partially covered in icy blue scales. (AC +2)
You are partially covered in molten scales. (AC +2)
Your body sometimes deteriorates upon taking damage.
You are weak. (Str -2)


Message History

A magic dart appears from out of thin air!
The magic dart hits you!
* * * LOW HITPOINT WARNING * * *
You closely miss something.
The orc priest begins to cast a cantrip, but forgets the words!
Something hits you but does no damage.
You tentacle-slap something.
Your tentacle-slap misses something.
Something hits you.
* * * LOW HITPOINT WARNING * * *
The orc priest calls down the wrath of Beogh upon you.
You struggle to resist.
Something hits you.
* * * LOW HITPOINT WARNING * * *
You bludgeon the orc priest! You grab the orc priest.
The orc priest is heavily wounded.
You constrict the orc priest, but do no damage.
The orc priest misses you.
You hear some strange, mumbled words.
A magic dart appears from out of thin air!
The magic dart hits you!
You die...

#....#.........##.##
###....#..##..##.##...
.........#.....#....##
..............##..###
#....##..........###
##....##...#.........
.###.....#.....#....##..
...........##...........
...####@.#####.....#.#..
......#o#######.........
#......o..............[#
#.....))......#.........
#...$...................
#.......########.......#
#.......# #...#....
..##..### #)....#.. ..
... ### #..##....


You could see an orc priest and an orc.

Vanquished Creatures
  Sigmund (D:2)
  An ogre (D:4)
  Blork the orc (D:4)
  A scorpion (D:4)
  A jelly (D:4)
  A worker ant (D:4)
  9 gnolls
  5 adders
  3 oozes
  An adder zombie (D:3)
  3 worms (D:2)
  3 dart slugs
  4 leopard geckos
  6 orcs
  9 giant cockroaches
  9 hobgoblins
  A quokka (D:1)
  2 ball pythons (D:3)
  11 bats
  7 frilled lizards
  13 goblins
  8 kobolds
  6 rats
106 creatures vanquished.

Notes
Turn   | Place    | Note
-------+----------+-------------------------------------------
     0 | D:1      | Amciq the Octopode Monk began the quest for the Orb.
     0 | D:1      | Reached XP level 1. HP: 16/16 MP: 1/1
    82 | D:1      | Reached XP level 2. HP: 19/21 MP: 2/2
   196 | D:1      | Reached skill level 3 in Stealth
   306 | D:1      | Reached XP level 3. HP: 21/26 MP: 3/3
   659 | D:1      | Reached XP level 4. HP: 4/31 MP: 4/4
   989 | D:1      | Gained mutation: You are weak. (Str -2) [potion of mutation]
   989 | D:1      | Gained mutation: You are partially covered in icy blue scales. (AC +2) [potion of mutation]
   989 | D:1      | Gained mutation: Your body sometimes deteriorates upon taking damage. [potion of mutation]
   989 | D:1      | Gained mutation: You are partially covered in molten scales. (AC +2) [potion of mutation]
  1340 | D:2      | Reached skill level 4 in Stealth
  1540 | D:2      | Reached XP level 5. HP: 37/37 MP: 5/5
  1746 | D:2      | Noticed Sigmund
  1758 | D:2      | Killed Sigmund
  1758 | D:2      | Reached skill level 5 in Stealth
  1758 | D:2      | Reached XP level 6. HP: 22/43 MP: 6/6
  1991 | D:2      | Found an ornate altar of the Wu Jian Council.
  2909 | D:4      | Reached XP level 7. HP: 41/49 MP: 7/7
  2932 | D:4      | Noticed Blork the orc
  2958 | D:4      | Found an opulent altar of Gozag.
  3028 | D:4      | Killed Blork the orc
  3035 | D:4      | Reached skill level 5 in Dodging
  3035 | D:4      | Reached skill level 6 in Stealth
  3035 | D:4      | Reached skill level 5 in Unarmed Combat
  3295 | D:4      | Found Ojouhi's Antique Armour Shop.
  3329 | D:4      | HP: 2/49 [something (1)]
  3330 | D:4      | Killed from afar by an orc wizard

Vault maps used:
D:1:      enne_arrival_octagon_isle, supply_closet_lemuel
D:2:      lemuel_coloured_pillars_altar, minivault_19, minmay_quantized,
          uniq_sigmund
D:3:      minmay_surrounded
D:4:      first_bread, serial_shops, nicolae_shop_behind_doors,
          grunt_gozag_breadcrumbs, uniq_blork_the_orc

Skill      XL: |  1  2  3  4  5  6  7 |
---------------+----------------------+-----
Stealth        | 3 4 5 6 |  6.1
Fighting       | 4 |  4.8
Dodging        | 4 5 |  5.1
Unarmed Combat | 4 5 |  5.1

Action                   |  1- 3 |  4- 6 |  7- 9 || total
-------------------------+-------+-------+-------++-------
Melee: Unarmed           |    73 |   189 |    37 ||   299
       Tentacles         |    13 |    33 |     7 ||    53
       Constrict         |    18 |    42 |     5 ||    65
       Punch             |     4 |     5 |     1 ||    10
  Use: Potion            |       |     4 |       ||     4
       Scroll            |       |     2 |       ||     2
 Stab: Sleeping          |     3 |     8 |     1 ||    12
       Distracted        |       |     1 |       ||     1
  Eat: Chunk             |       |     6 |     2 ||     8
Armor: Skin              |     7 |    41 |     2 ||    50
Dodge: Dodged            |    65 |   132 |    16 ||   213
